 Dungeon Crawl Stone Soup version 0.31-a0-486-g8d68a81214 (webtiles) character file.

Game seed: 7319874157431266459

2760 hashsling the Slicer (level 9, -4/59 HPs)
             Began as a Tengu Air Elementalist on Aug 7, 2023.
             Was a Believer of Vehumet.
             Slain by a two-headed ogre
             ... wielding a +0 giant spiked club
              (18 damage)
             ... on level 8 of the Dungeon.
             The game lasted 00:25:56 (9873 turns).

hashsling the Slicer (Tengu Air Elementalist)       Turns: 9873, Time: 00:25:57

Health: -4/59      AC:  4    Str:  8    XL:     9   Next: 69%
Magic:  6/13       EV: 18    Int: 16    God:    Vehumet [**....]
Gold:   281        SH:  0    Dex: 19    Spells: 2/12 levels left

rFire   + . .        c - +1 dagger (venom)
rCold   + . .        (no shield)
rNeg    . . .        l - +2 robe {Will+}
rPois   .            (helmet restricted)
rElec   .            t - scarf {rC+ rF+}
rCorr   .            (no gloves)
SInv    .            (boots unavailable)
Will    +....        (no amulet)
Stlth   ++           (no ring)
HPRegen 0.29/turn    (no ring)
MPRegen 0.13/turn

%: no passive effects
@: sluggish, flying quickly and evasively, very slow
A: beak, talons 3, nimble flight
a: Renounce Religion


You were on level 8 of the Dungeon.
You worshipped Vehumet.
Vehumet was pleased with you.
You visited 1 branch of the dungeon, and saw 8 of its levels.

You collected 362 gold pieces.
You spent 81 gold pieces at shops.

Inventory:

Hand Weapons
 c - a +1 dagger of venom (weapon)
Armour
 l - a +2 robe of willpower (worn)
 s - a +0 leather armour of cold resistance
 t - a scarf of resistance (worn)
Jewellery
 i - a ring of fire
Wands
 m - a wand of flame (7)
 r - a wand of paralysis (3)
Scrolls
 a - a scroll of torment {unknown}
 e - 2 scrolls of enchant armour {unknown}
 g - a scroll of silence {unknown}
 h - 9 scrolls of identify {unknown}
 j - a scroll of fog {unknown}
 k - 2 scrolls of poison {unknown}
 o - 3 scrolls of noise {unknown}
 q - a scroll of amnesia {unknown}
 u - 3 scrolls of teleportation {unknown}
 w - 2 scrolls of fear {unknown}
 x - a scroll of summoning {unknown}
 y - a scroll of brand weapon {unknown}
Potions
 b - a potion of magic
 d - 2 potions of heal wounds {unknown}
 f - 2 potions of curing {unknown}
 n - a potion of attraction {unknown}
 p - a potion of mutation {unknown}
 v - 3 potions of resistance {unknown}
 z - 3 potions of brilliance {unknown}


   Skills:
 * Level 8.0 Fighting
 * Level 8.6 Short Blades
 - Level 6.0 Dodging
 - Level 2.0 Stealth
 - Level 2.0 Spellcasting
 - Level 2.0 Conjurations
 + Level 6.0 Air Magic


You had 2 spell levels left.
You knew the following spells:

 Your Spells              Type           Power      Damage    Failure   Level
a - Shock                 Conj/Air       56%        1d6       4%          1
b - Static Discharge      Conj/Air       28%        2-4/arc   6%          2
c - Swiftness             Air            20%        N/A       5%          3
d - Airstrike             Air            10%        2d(2-18)  17%         4

Your spell library contained the following spells:

 Spells                   Type           Power      Damage    Failure   Level
 Scorch                   Fire           2%         2d5       30%         2
 Call Canine Familiar     Summ           1%         N/A       52%         3
 Gell's Gravitas          Tloc           1%         N/A       52%         3
 Portal Projectile        Hex/Tloc       2%         N/A       52%         3
 Teleport Other           Tloc           1%         N/A       52%         3
 Leda's Liquefaction      Hex/Erth       0%         N/A       90%         4
 Manifold Assault         Tloc           1%         N/A       90%         4
 Dispersal                Tloc           0%         N/A       100%        6
 Disjunction              Tloc           0%         N/A       100%        8


Dungeon Overview and Level Annotations

Branches:
Dungeon (8/15)             Temple (0/1) D:6
   Lair: D:8-11

Altars:
Kikubaaqudgha
Vehumet
Zin

Shops:
D:1 [   D:6 :


Innate Abilities, Weirdness & Mutations

You have a beak for a mouth.
You have claws for feet.
Your magical nature lets you fly swiftly and evasively.


Message History

Press: ? - help, Q - select action, (/) - cycle Shift-Dir - straight line, f/p - two-headed ogre
Aim: a two-headed ogre, wielding a +0 giant spiked club and a +0 giant club (86% to hit)
The zap misses the two-headed ogre.
Aiming: Paralyse
Press: ? - help, Q - select action, (/) - cycle Shift-Dir - straight line, f/p - two-headed ogre
Aim: a two-headed ogre, wielding a +0 giant spiked club and a +0 giant club (chance to affect: 31%)
The two-headed ogre easily resists.
You barely miss the two-headed ogre. You claw the two-headed ogre.
You peck the two-headed ogre, but do no damage.
The two-headed ogre is lightly wounded.
You hit the two-headed ogre but do no damage.
The two-headed ogre is poisoned.
You claw the two-headed ogre.
You peck the two-headed ogre, but do no damage.
The two-headed ogre is lightly wounded.
You start to feel a little slower.
The two-headed ogre hits you with a +0 giant spiked club!!
* * * LOW HITPOINT WARNING * * *
The two-headed ogre barely misses you.
You feel sluggish.
There is a stone staircase leading down here.
Aiming: Shock (safe; 4% risk of failure)
Press: ? - help, Q - select action, (/) - cycle Shift-Dir - straight line, f/p - two-headed ogre
Aim: a two-headed ogre, wielding a +0 giant spiked club and a +0 giant club (lightly wounded, poisoned, 86% to hit)
The zap hits the two-headed ogre.
The two-headed ogre is moderately wounded.
Aiming: Shock (safe; 4% risk of failure)
Press: ? - help, Q - select action, (/) - cycle Shift-Dir - straight line, f/p - two-headed ogre
Aim: a two-headed ogre, wielding a +0 giant spiked club and a +0 giant club (moderately wounded, poisoned, 86% to hit)
The zap hits the two-headed ogre.
The two-headed ogre is moderately wounded.
Aiming: Shock (safe; 4% risk of failure)
Press: ? - help, Q - select action, (/) - cycle Shift-Dir - straight line, f/p - two-headed ogre
Aim: a two-headed ogre, wielding a +0 giant spiked club and a +0 giant club (moderately wounded, poisoned, 86% to hit)
The zap hits the two-headed ogre.
The two-headed ogre is moderately wounded.
The two-headed ogre looks more healthy.
You barely miss the two-headed ogre. Your kick misses the two-headed ogre.
The two-headed ogre is moderately wounded.
The two-headed ogre hits you with a +0 giant spiked club!!
You die...

..##.....#
#.#.#.##..#
....)....#
#.#.#....<#
..##.....#
#.#.#######
.......#######.#.#
###..........#.#.#
..#.########.#.#.#
..#.#......#.#.#.# #
..#..........#.#.#.#
...............O@..#
..####.......#.#.###
......<......#.#.#
.######...........
.. ............## ##
###..........#
............#
##..........#


You could see a two-headed ogre.

Vanquished Creatures
  Pikel (D:4)
  A sky beast (D:7)
  An ice beast (D:8)
  2 centaurs (D:7)
  4 ogres
  A lemure (D:4)
  A bullfrog (D:5)
  5 scorpions
  6 wights
  4 electric eels (D:7)
  A howler monkey (D:6)
  A jelly (D:8)
  3 sleepcaps
  4 orc priests
  3 hounds
  3 iguanas
  Natasha (thrice) (D:3)
  2 orc wizards
  6 gnolls
  7 adders
  A shadow imp (D:8)
  A white imp (D:6)
  A worm (D:5)
  4 dart slugs
  37 orcs
  10 ball pythons
  8 endoplasms
  4 giant cockroaches
  7 goblins
  8 hobgoblins
  8 jackals
  5 quokkas
  3 frilled lizards
  9 kobolds
  2 rats
167 creatures vanquished.

Notes
Turn   | Place    | Note
-------+----------+-------------------------------------------
     0 | D:1      | hashsling the Tengu Air Elementalist began the quest for
                  | the Orb.
     0 | D:1      | Reached XP level 1. HP: 10/10 MP: 4/4
   156 | D:1      | Reached XP level 2. HP: 13/16 MP: 1/6
   159 | D:1      | Learned a level 2 spell: Static Discharge
   413 | D:1      | You fall into a shaft and drop 1 floor!
   437 | D:1      | Reached skill level 1 in Fighting
   437 | D:1      | Reached skill level 1 in Short Blades
   437 | D:1      | Reached XP level 3. HP: 7/20 MP: 1/7
   742 | D:1      | Found Soehojy's Antique Armour Shop.
  1455 | D:2      | Reached XP level 4. HP: 17/25 MP: 3/8
  1461 | D:2      | Learned a level 3 spell: Swiftness
  1835 | D:1      | Bought a runed robe for 81 gold pieces
  2079 | D:2      | Identified the +0 leather armour "Quisicuz" {rElec rF+
                  | Slay+3}
  2640 | D:3      | Reached skill level 5 in Air Magic
  2730 | D:3      | Gained mutation: Your magical nature lets you fly swiftly
                  | and evasively. [Tengu growth]
  2730 | D:3      | Reached XP level 5. HP: 30/30 MP: 6/9
  3008 | D:3      | Found a radiant altar of Vehumet.
  3020 | D:3      | Became a worshipper of Vehumet
  3370 | D:3      | Noticed Natasha
  3376 | D:3      | Killed Natasha
  3458 | D:3      | Noticed Natasha
  3468 | D:3      | Killed Natasha
  3469 | D:3      | Reached XP level 6. HP: 21/37 MP: 3/10
  3779 | D:3      | Noticed Natasha
  3785 | D:3      | Killed Natasha
  4286 | D:4      | Reached * piety under Vehumet
  4286 | D:4      | Offered knowledge of Magic Dart by Vehumet.
  4960 | D:4      | Noticed Pikel
  5162 | D:5      | Entered Level 5 of the Dungeon
  5381 | D:5      | Reached XP level 7. HP: 43/43 MP: 5/11
  5678 | D:5      | Reached skill level 5 in Short Blades
  5736 | D:5      | Found an ancient bone altar of Kikubaaqudgha.
  5832 | D:5      | Reached skill level 5 in Fighting
  5837 | D:5      | Learned a level 4 spell: Airstrike
  6225 | D:4      | Found a glowing silver altar of Zin.
  6671 | D:4      | Killed Pikel
  6672 | D:4      | Reached XP level 8. HP: 35/51 MP: 2/12
  6873 | D:6      | Reached skill level 5 in Dodging
  6949 | D:6      | Offered knowledge of Scorch by Vehumet.
  7216 | D:6      | Reached ** piety under Vehumet
  7330 | D:6      | Reached XP level 9. HP: 56/56 MP: 8/13
  7580 | D:6      | Found Qoariom's Book Shop.
  7694 | D:6      | Found a staircase to the Ecumenical Temple.
  8519 | D:7      | HP: 2/53 [wight/+0 mace (1)]
  9841 | D:8      | Noticed a two-headed ogre
  9873 | D:8      | Slain by a two-headed ogre

Illustrated notes

Levels and vault maps discovered:
D:1:      kilobyte_arrival_exit_the_forest, layout_loops_cross, serial_shops,
          nicolae_shop_real_fake_doors
D:2:      layout_basic
D:3:      layout_basic, vehumet_altar_wand_db, uniq_natasha
D:4:      layout_cave_pods, lemuel_tele_altar, uniq_pikel
D:5:      layout_cave_pools, marbit_many_paths, serial_bayou_crossing
D:6:      layout_basic, minmay_temple_entry_waves, serial_shops, shop,
          chequers_serial_rivers_marsh
D:7:      layout_gridville, serial_bayou, serial_bayou_pond_a,
          serial_bayou_lake_a, serial_bayou_lagoon_a, serial_bayou_pond_d
D:8:      layout_basic

Skill      XL: |  1  2  3  4  5  6  7  8  9 |
---------------+----------------------------+-----
Fighting       | 1 2 3 4 5 6 8 |  8.0
Short Blades   | 1 2 3 4 6 8 |  8.6
Conjurations   | 2 |  2.0
Dodging        | 3 4 5 6 |  6.0
Air Magic      | 5 6 |  6.0
Stealth        | |  2.0
Spellcasting   | |  2.0

Action                     |  1- 3 |  4- 6 |  7- 9 || total
---------------------------+-------+-------+-------++-------
  Melee: Dagger            |    17 |    44 |   164 ||   225
         Peck              |     3 |     6 |    35 ||    44
         Kick              |     3 |    19 |    68 ||    90
         Punch             |     1 |       |     2 ||     3
   Cast: Shock             |    66 |   179 |   199 ||   444
         Swiftness         |       |     2 |     3 ||     5
         Static Discharge  |       |       |     3 ||     3
         Airstrike         |       |       |     1 ||     1
  Evoke: Wand              |       |       |     3 ||     3
   Stab: Sleeping          |     1 |       |       ||     1
 Armour: Robe              |     1 |     5 |    12 ||    18
  Dodge: Dodged            |     6 |    18 |   104 ||   128

Table legend: (Time is in decaauts)
 A = Elapsed time spent in this place.
 B = Non-inter-level travel time spent in this place.
 C = Inter-level travel time spent in this place.
 D = Time resting spent in this place.
 E = Time spent auto-exploring this place.
 F = Levels seen in this place.
 G = Mean time per level.
                   A        B        C        D        E       F      G
               +--------+--------+--------+--------+--------+-----+--------+
         Total |   9456 |   8820 |    636 |    336 |   7086 |   8 | 1182.0 |
       Dungeon |   9456 |   8820 |    636 |    336 |   7086 |   8 | 1182.0 |
               +--------+--------+--------+--------+--------+-----+--------+

Top non-repeatable levels by time:
     D:4: 1650 daAuts
     D:7: 1626 daAuts
     D:3: 1524 daAuts
     D:1: 1373 daAuts
     D:2: 1139 daAuts
     D:6: 1070 daAuts
     D:5: 929 daAuts
     D:8: 142 daAuts
